 Dungeon Crawl Stone Soup version 0.20-a0-223-g066d66b (webtiles) character file.

381 FitzyFitz the Gusty (level 7, -1/46 HPs)
             Began as a Human Air Elementalist on Nov 29, 2016.
             Was a Follower of Vehumet.
             Slain by an iguana (13 damage)
             ... on level 5 of the Dungeon.
             The game lasted 00:23:14 (5000 turns).

FitzyFitz the Gusty (Human Air Elementalist)        Turns: 5000, Time: 00:23:14

Health: -1/46      AC:  4    Str:  9    XL:     7   Next: 5%
Magic:  10/10      EV: 12    Int: 25    God:    Vehumet [*.....]
Gold:   55         SH:  5    Dex: 13    Spells: 2/10 levels left

rFire  . . .     SeeInvis +     x - +0 spear
rCold  . . .     Gourm    .     k - +0 robe
rNeg   . . .     Faith    .     h - +0 buckler
rPois  .         Spirit   .     (no helmet)
rElec  .         Reflect  .     r - +1 cloak
rCorr  .         Harm     .     (no gloves)
MR     +....                    (no boots)
Stlth  ++........               g - amulet of magic regeneration
                                D - ring "Ycziun" {MR+ Int+4 SInv}
                                a - +4 ring of intelligence

@: repel missiles
A: no striking features
a: Renounce Religion


You were on level 5 of the Dungeon.
You worshipped Vehumet.
Vehumet was aware of your devotion.
You were not hungry.

You visited 1 branch of the dungeon, and saw 5 of its levels.

You collected 191 gold pieces.
You spent 136 gold pieces at shops.

Inventory:

Hand Weapons
 x - a +0 spear (weapon)
 C - a +0 fustibalus
Missiles
 i - 10 poisoned needles
 m - 8 tomahawks
 F - 4 javelins (quivered)
Armour
 h - a +0 buckler (worn)
 k - a +0 robe (worn)
 r - a +1 cloak (worn)
Magical Staves
 l - an uncursed staff of cold
Jewellery
 a - a +4 ring of intelligence (left hand)
 g - an amulet of magic regeneration (around neck)
 v - an uncursed ring of poison resistance
 w - an uncursed ring of protection from cold
 D - the ring "Ycziun" (right hand) {MR+ Int+4 SInv}
   (You found it on level 4 of the Dungeon)

   [ring of protection from magic]

   It affects your intelligence (+4).
   It affects your resistance to hostile enchantments.
   It lets you see invisible.
 G - an uncursed ring of stealth
Scrolls
 d - 4 scrolls of magic mapping
 f - 2 scrolls of immolation
 j - a scroll of fog
 n - 3 scrolls of remove curse
 o - a scroll of blinking {unknown}
 p - 2 scrolls of teleportation {unknown}
 s - a scroll of noise {unknown}
 y - a scroll of fear
 B - 2 scrolls of amnesia {unknown}
Potions
 e - a potion of flight
 t - a potion of curing
 u - 2 potions of invisibility
 A - 2 potions of agility
Books
 b - a book of Air

   Spells                             Type                      Level
   a - Shock                          Conjuration/Air              1
   b - Swiftness                      Charms/Air                   2
   c - Repel Missiles                 Charms/Air                   2
   d - Static Discharge               Conjuration/Air              3
   e - Lightning Bolt                 Conjuration/Air              5
Comestibles
 c - 3 bread rations
 z - 2 fruits


   Skills:
 - Level 2.0 Dodging
 - Level 2.0 Stealth
 - Level 4.0 Shields
 - Level 2.0 Spellcasting
 + Level 3.4 Conjurations
 + Level 1.4 Charms
 + Level 4.5 Air Magic


You had 2 spell levels left.
You knew the following spells:

 Your Spells              Type           Power        Failure   Level  Hunger
a - Shock                 Conj/Air       ###.         2%          1    None
b - Repel Missiles        Chrm/Air       ###...       8%          2    ##.....
c - Swiftness             Chrm/Air       ###.....     8%          2    ##.....
d - Static Discharge      Conj/Air       ###.....     10%         3    ###....


Dungeon Overview and Level Annotations

Branches:
Dungeon (5/15)             Temple (0/1) D:5

Altars:
Ashenzari
Dithmenos
Fedhas
Nemelex Xobeh
Ru
Sif Muna
Trog
Uskayaw
Vehumet
Xom

Shops:
D:4 *

Annotations:
D:3 throbbingduck's ghost, amateur KoCj
D:4 shinino's ghost, novice MiBe


Message History

The iguana is lightly wounded.
The iguana closely misses you.
You hit the iguana.
The iguana is heavily wounded.
The iguana closely misses you.
You hit the iguana but do no damage.
The iguana is heavily wounded.
The iguana bites you!
You hit the iguana but do no damage.
The iguana is heavily wounded.
The iguana bites you!
You barely miss the iguana.
The iguana is heavily wounded.
The iguana bites you.
You hit the iguana but do no damage.
The iguana is heavily wounded.
The iguana bites you!
* * * LOW HITPOINT WARNING * * *
You feel better. The iguana bites you!
You die...

#..##..#.#
##.....##....
#..##.##.#
#8...8####.#
#..##.##.### #.#
#..........# #.#
#####.###### ###.#
#.# #.... #.# ###..
#.############## #..
#..@lr.......#...#..
######....... #....
.#.....#...##. .#
..≈≈♣P≈# #. .≈
P≈≈P≈≈ #. ♣≈ ≈≈≈≈ #.
≈≈ ≈P≈≈P≈♣. P≈
≈P≈≈≈.. ≈≈≈≈#..


You could see an iguana and a quokka.

Vanquished Creatures
  A phantom (D:5)
  2 scorpions
  2 hounds (D:5)
  A worker ant (D:4)
  4 adders
  An ooze (D:4)
  A worm (D:4)
  A dart slug (D:4)
  2 leopard geckos
  4 orcs
  5 giant cockroaches
  5 goblins
  8 hobgoblins
  5 jackals
  8 kobolds
  A quokka (D:4)
  A ball python (D:1)
  6 bats
  4 frilled lizards
  7 rats
  A plant (D:5)
70 creatures vanquished.

Vanquished Creatures (others)
  An ooze (D:2)
  A plant (D:5)
2 creatures vanquished.

Grand Total: 72 creatures vanquished

Notes
Turn   | Place    | Note
-------+----------+-------------------------------------------
     0 | D:1      | FitzyFitz the Human Air Elementalist began the quest for the Orb.
     0 | D:1      | Reached XP level 1. HP: 13/13 MP: 3/3
   452 | D:1      | Reached skill level 1 in Shields
   619 | D:1      | Reached XP level 2. HP: 17/19 MP: 5/5
   816 | D:2      | Found a radiant altar of Vehumet.
   850 | D:2      | Became a worshipper of Vehumet
   883 | D:2      | Reached XP level 3. HP: 24/24 MP: 6/6
   969 | D:2      | Found a sacrificial altar of Ru.
   969 | D:2      | Found a blossoming altar of Fedhas.
   969 | D:2      | Found a shimmering altar of Xom.
  1230 | D:2      | Learned a level 2 spell: Repel Missiles
  1233 | D:2      | Learned a level 2 spell: Swiftness
  1962 | D:3      | Reached XP level 4. HP: 29/30 MP: 7/7
  1995 | D:3      | Noticed throbbingduck's ghost (amateur KoCj)
  2077 | D:3      | Found a bloodstained altar of Trog.
  2233 | D:3      | Reached * piety under Vehumet
  2233 | D:3      | Offered knowledge of Sandblast by Vehumet.
  3130 | D:4      | Reached XP level 5. HP: 35/35 MP: 8/8
  3136 | D:4      | Learned a level 3 spell: Static Discharge
  3196 | D:4      | Noticed a phantom
  3303 | D:4      | Found a shadowy altar of Dithmenos.
  3306 | D:4      | Noticed shinino's ghost (novice MiBe)
  3364 | D:4      | Got a scorched ivory ring
  3384 | D:3      | Identified the ring "Ycziun" {MR+ Int+4 SInv} (You found it on level 4 of the Dungeon)
  3444 | D:4      | Found Taphomil's General Store.
  3458 | D:4      | Bought a scroll of magic mapping for 45 gold pieces
  3458 | D:4      | Bought a potion of agility for 52 gold pieces
  3458 | D:4      | Bought a potion of curing for 39 gold pieces
  3494 | D:4      | Found a sacrificial altar of Ru.
  3974 | D:5      | Entered Level 5 of the Dungeon
  3974 | D:5      | Found a staircase to the Ecumenical Temple.
  3985 | D:5      | Reached XP level 6. HP: 32/41 MP: 1/9
  4029 | D:4      | Found a sparkling altar of Nemelex Xobeh.
  4105 | D:5      | Found a deep blue altar of Sif Muna.
  4171 | D:5      | Found a hide-covered altar of Uskayaw.
  4696 | D:5      | Noticed a phantom
  4726 | D:5      | Killed a phantom
  4726 | D:5      | Reached skill level 1 in Charms
  4726 | D:5      | Reached XP level 7. HP: 22/46 MP: 2/10
  4938 | D:5      | Found a shattered altar of Ashenzari.
  5000 | D:5      | Slain by an iguana

Vault maps used:
D:1:      dpeg_arrival_chambers_temple_mockup
D:2:      minmay_kobold_bridge, fiery_altar_vehumet,
          gammafunk_temple_overflow_forgotten, minmay_misc_feat_nine_boxes
D:3:      nicolae_overflow_crystal_walls
D:4:      lemuel_crystal_altar, overflow_temple_1_default, first_bread,
          serial_shops, shop, nicolae_ru_awakened_eye
D:5:      lemuel_crystal_altar, nicolae_overflow_hidden_temple, serial_bayou,
          serial_bayou_pond_c, serial_bayou_lagoon_b, serial_bayou_ford_a,
          serial_bayou_shore_b, serial_bayou_crossing, grunt_ministairs_9,
          lemuel_blue_sif_altar

Skill      XL: |  1  2  3  4  5  6 |
---------------+-------------------+-----
Shields        | 1 2 3 4 |  4.0
Conjurations   | 2 3 |  3.4
Air Magic      | 4 |  4.5
Charms         | 1 |  1.4
Dodging        | |  2.0
Stealth        | |  2.0
Spellcasting   | |  2.0

Action                   |  1- 3 |  4- 6 |  7- 9 || total
-------------------------+-------+-------+-------++-------
Melee: Dagger            |    19 |       |       ||    19
       Whip              |   116 |    15 |       ||   131
       Unarmed           |     2 |       |       ||     2
       Spear             |       |   179 |     7 ||   186
Throw: Tomahawk          |       |    22 |       ||    22
       Javelin           |       |    11 |       ||    11
 Cast: Shock             |    29 |    29 |       ||    58
       Static Discharge  |       |    10 |       ||    10
       Repel Missiles    |       |     1 |       ||     1
  Use: Scroll            |       |     9 |       ||     9
       Potion            |       |       |     1 ||     1
 Stab: Sleeping          |     3 |     1 |       ||     4
  Eat: Chunk             |     4 |     3 |       ||     7
       Pizza             |       |     1 |       ||     1
       Meat ration       |       |     1 |     1 ||     2
Armor: Robe              |    36 |    24 |       ||    60
Dodge: Dodged            |    79 |    53 |     2 ||   134
Block: Buckler           |    49 |    21 |       ||    70
